 Dungeon Crawl Stone Soup version 0.30-a0-881-g1ff12e1e11 (webtiles) character file.

Game seed: 3160718730606870986

2871 retardedninja the Covered (level 9, -12/80 HPs)
             Began as an Armataur Fighter on Mar 14, 2023.
             Was an Initiate of Gozag.
             Mangled by a lorocyproca (27 damage)
             ... on level 1 of the Abyss.
             The game lasted 00:08:52 (6841 turns).

retardedninja the Covered (Armataur Fighter)        Turns: 6841, Time: 00:08:52

Health: -12/80     AC: 13    Str: 25    XL:     9   Next: 47%
Magic:  0/9        EV:  6    Int:  8    God:    Gozag
Gold:   553        SH:  5    Dex: 11    Spells: 8/8 levels left

rFire   + . .      SeeInvis .    h - +7 broad axe (vamp)
rCold   . . .      Faith    .    c - +0 buckler
rNeg    . . .      Spirit   .    C - +0 chain mail
rPois   +          Reflect  .    (no helmet)
rElec   .          Roll     +    (no cloak)
rCorr   .                        q - +2 pair of gloves
Will    .....                    (no barding) Stlth
                                 (no amulet)
HPRegen 0.00/turn                y - ring of protection from fire
MPRegen 0.11/turn                e - ring of poison resistance

@: gold aura, sick, slowed, very slow
A: large, rugged brown scales 3, deformed body, armoured tail, roll, long
tongue, awkward tongue
a: Renounce Religion, Potion Petition, Call Merchant, Bribe Branch


You were on level 1 of the Abyss.
You worshipped Gozag.
Gozag was pleased with you.
You visited 2 branches of the dungeon, and saw 9 of its levels.
You visited the Abyss 1 time.
You also visited: Ossuary.

You collected 643 gold pieces.
You paid 90 gold pieces to Gozag.

Inventory:

Hand Weapons
 h - a +7 vampiric broad axe (weapon)
Armour
 c - a +0 buckler (worn)
 q - a +2 pair of gloves (worn)
 C - a +0 chain mail (worn)
Jewellery
 e - a ring of poison resistance (right hand)
 y - a ring of protection from fire (left hand)
 D - a ring of protection from cold
Wands
 s - a wand of acid (15)
 B - a wand of iceblast (8)
Scrolls
 a - 3 scrolls of butterflies
 g - a scroll of fog
 i - 2 scrolls of teleportation
 n - 4 scrolls of blinking
 t - a scroll of magic mapping
 w - a scroll of vulnerability {unknown}
 A - a scroll of acquirement {unknown}
Potions
 b - a potion of ambrosia {unknown}
 d - a potion of might
 f - a potion of lignification {unknown}
 j - 2 potions of attraction
 k - 3 potions of curing
 l - 5 potions of brilliance
 o - a potion of haste
 p - 3 potions of degeneration
 r - a potion of berserk rage
 v - 2 potions of flight
 z - a potion of resistance


   Skills:
 + Level 6.0 Fighting
 * Level 7.2 Axes
 + Level 7.9 Armour
 + Level 7.2 Shields


You had 8 spell levels left.
You didn't know any spells.
Your spell library contained the following spells:

 Spells                   Type           Power      Damage    Failure   Level
 Magic Dart               Conj           0%         1d3       96%         1
 Summon Small Mammal      Summ           0%         N/A       96%         1
 Call Imp                 Summ           0%         N/A       99%         2
 Call Canine Familiar     Summ           0%         N/A       100%        3
 Mephitic Cloud           Conj/Pois/Air  0%         N/A       100%        3
 Summon Guardian Golem    Hex/Summ       0%         N/A       100%        3


Dungeon Overview and Level Annotations

Branches:
Dungeon (8/15)             Temple (1/1) D:5         Ossuary (visited)
   Lair: D:8-11

Altars:
Dithmenos
Elyvilon
Fedhas
Gozag
Kikubaaqudgha
Makhleb
Nemelex Xobeh
Qazlal
Ru
Trog
Xom
Yredelemnul
Zin
The Shining One
Lugonu

Annotations:
D:4 2 runed translucent doors, passete's ghost, amateur MiBe
D:8 Psyche


Innate Abilities, Weirdness & Mutations

You are completely covered in rugged brown scales. (AC +3, +7% HP)
Armour fits poorly on your strangely shaped body.
You have a long armoured tail.
You roll when moving toward enemies. (Rampage)
Your long tongue fully drains potion bottles. (2x potion effects)
Your tongue gives you trouble enunciating. (1.5x scroll delay)


Message History

The ancient zyme barely misses you. The ancient zyme hits you!
The ancient zyme hits you but does no damage.
The ancient zyme hits you!
You feel ill.
Aiming: Corrosive Bolt
Press: ? - help, Q - select action, (/) - cycle Shift-Dir - straight line, f/p - ancient zyme
Aim: an ancient zyme (severely damaged, covered in acid, 86% to hit)
The bolt of acid hits the ancient zyme!
The ancient zyme is almost destroyed.
Something hits you!!
* * * LOW HITPOINT WARNING * * *
You feel your power leaking away.
Deactivating autopickup; reactivate with Ctrl-A.
The ancient zyme hits you but does no damage. x2
You feel ill. Something hits you!
* * * LOW HITPOINT WARNING * * *
You slurp down every last drop of the potion of heal wounds!
You feel much better. The ancient zyme hits you. The ancient zyme hits you!
Something hits you but does no damage.
The ancient zyme hits you but does no damage.
The ancient zyme hits you!
Aiming: Corrosive Bolt
Press: ? - help, Q - select action, (/) - cycle Shift-Dir - straight line, f/p - ancient zyme
Aim: an ancient zyme (almost destroyed, covered in acid, 86% to hit)
The bolt of acid hits the ancient zyme!
You destroy the ancient zyme!
Something hits you but does no damage. Something hits you!!
* * * LOW HITPOINT WARNING * * *
Your Fighting skill increases to level 6!
Unknown command.
Unknown command.
You slurp down every last drop of the potion of heal wounds!
You feel much better. Something hits you!
Aiming: Corrosive Bolt
Press: ? - help, Q - select action, (/) - cycle Shift-Dir - straight line The bolt of acid hits something.
Something hits you!!
* * * LOW HITPOINT WARNING * * *
Something hits you!!
You die...
Your body crumbles into a pile of gold.

...............
................##
..................##
................##.## .
...............##.....
# ................#.
##. # #....${# ...
#..#...# #....@.##....
.#. ..#
......#..........$.#..#
..... #...._.....# .. #
.... #........#.#.#.##
... #(.............. ..
#####....~##.... .
......~~.#.#...
##....## ~~≈~~ #....
~~~≈ .#


There were no monsters in sight!

Vanquished Creatures
  A shadow wraith (Abyss:1)
  An ancient zyme (Abyss:1)
  Eustachio (D:5)
  A steam dragon (D:7)
  A water moccasin (D:6)
  An ice beast (D:5)
  A sky beast (D:7)
  2 ogres
  A centaur (D:7)
  A phantom (D:6)
  An elf zombie (Ossuary)
  3 scorpions
  A small abomination (Abyss:1)
  4 centaur zombies (Ossuary)
  A human zombie (Ossuary)
  4 hounds
  An orc priest (D:3)
  A jelly (D:4)
  3 sleepcaps
  2 iguanas
  Ijyb (D:5)
  5 orc wizards
  An ogre zombie (Ossuary)
  7 mummies (Ossuary)
  8 adders
  A white imp (D:6)
  An adder zombie (Ossuary)
  2 worms (D:4)
  3 dart slugs
  14 orcs
  8 endoplasms
  4 giant cockroaches
  A gnoll zombie (Ossuary)
  5 goblins
  7 hobgoblins
  7 jackals
  4 quokkas
  9 ball pythons
  2 bats (D:2)
  3 frilled lizards
  A goblin skeleton (D:6)
  7 goblin zombies
  6 hobgoblin zombies
  4 kobolds
  2 kobold skeletons (D:6)
  7 kobold zombies
  2 orc skeletons (D:6)
  2 orc zombies
  4 quokka zombies (Ossuary)
  5 rats
  4 rat zombies
169 creatures vanquished.

Vanquished Creatures (others)
  An orc wizard (D:3)
  2 withered plants (D:5)
3 creatures vanquished.

Grand Total: 172 creatures vanquished

Notes
Turn   | Place    | Note
-------+----------+-------------------------------------------
     0 | D:1      | retardedninja the Armataur Fighter began the quest for the
                  | Orb.
     0 | D:1      | Reached XP level 1. HP: 19/19 MP: 1/1
    55 | D:1      | Reached XP level 2. HP: 22/26 MP: 2/2
   108 | D:1      | Found a faded altar of an unknown god.
   954 | D:2      | Reached XP level 3. HP: 32/32 MP: 3/3
  1419 | D:2      | Reached XP level 4. HP: 40/40 MP: 4/4
  2116 | D:3      | Reached XP level 5. HP: 43/48 MP: 5/5
  3036 | D:4      | Reached XP level 6. HP: 35/55 MP: 6/6
  3221 | D:4      | Reached skill level 5 in Armour
  3517 | D:4      | Found a runed translucent door.
  3527 | D:4      | Noticed passete's ghost (amateur MiBe)
  3756 | D:4      | Found a runed translucent door.
  3831 | D:5      | Entered Level 5 of the Dungeon
  3888 | D:5      | Found a shimmering altar of Xom.
  3888 | D:5      | Found a shimmering altar of Xom.
  3889 | D:5      | Found a shimmering altar of Xom.
  3890 | D:5      | Found a shimmering altar of Xom.
  3913 | D:5      | Noticed Ijyb
  3917 | D:5      | Killed Ijyb
  3946 | D:5      | Found a sand-covered staircase.
  3957 | Ossuary  | Entered an ossuary
  4001 | Ossuary  | Reached XP level 7. HP: 63/63 MP: 7/7
  4111 | Ossuary  | Reached skill level 5 in Shields
  4472 | D:5      | Found a staircase to the Ecumenical Temple.
  4477 | D:5      | Reached skill level 5 in Axes
  4492 | Temple   | Entered the Ecumenical Temple
  4532 | Temple   | Became a worshipper of Gozag Ym Sagoz the Greedy
  4673 | D:5      | Found an ancient bone altar of Kikubaaqudgha.
  4676 | D:5      | Noticed Eustachio
  4691 | D:5      | Killed Eustachio
  4692 | D:5      | Reached XP level 8. HP: 64/71 MP: 8/8
  4822 | D:5      | Found a stormy altar of Qazlal.
  4823 | D:5      | Noticed an air elemental
  5253 | D:6      | Found a glowing golden altar of the Shining One.
  5367 | D:6      | Reached skill level 5 in Fighting
  5409 | D:6      | Found a burning altar of Makhleb.
  6067 | D:7      | Found a blossoming altar of Fedhas.
  6376 | D:7      | Reached XP level 9. HP: 79/79 MP: 9/9
  6528 | D:7      | Found a sparkling altar of Nemelex Xobeh.
  6722 | D:8      | Noticed Psyche
  6738 | Abyss:1  | Cast into level 1 of the Abyss (Psyche)
  6740 | Abyss:1  | Found a corrupted altar of Lugonu.
  6813 | Abyss:1  | Killed a shadow wraith
  6831 | Abyss:1  | Noticed an ancient zyme
  6839 | Abyss:1  | Killed an ancient zyme
  6841 | Abyss:1  | Mangled by a lorocyproca

Illustrated notes

Levels and vault maps discovered:
D:1:      dpeg_arrival_chambers_temple_mockup, layout_loops_cross,
          shapermc_ecumenical_altar_acropolis
D:2:      layout_basic, amcnicky_mini_rare_corridor_liquid
D:3:      layout_basic
D:4:      layout_basic, ebering_ghost_sewer_f
D:5:      layout_loops_ring, nicolae_qazlal_style_of_elements, xom_redecorated,
          kiku_gazebo_garden_becter, minmay_temple_entry_stoned_glass,
          enter_ossuary_3, nicolae_fountain_basement, uniq_ijyb, uniq_eustachio
D:6:      layout_loops_ring, makhleb_heckhound_becter,
          nicolae_tso_besieged_by_evil
D:7:      layout_loops_cross, nemelex_dance_club_becter,
          fedhas_bush_and_centaur_altar
D:8:      lemuel_insect_pit, layout_basic, general_overflow_altar,
          mainiacjoe_overflow_catwalk, minmay_misc_feat_encased, uniq_maggie,
          uniq_psyche
Temple:   corrupted_temple
Abyss:1:  base: D:8, evilmike_abyss_exit_4

Skill      XL: |  1  2  3  4  5  6  7  8  9 |
---------------+----------------------------+-----
Axes           | 2 3 4 5 6 7 |  7.2
Armour         | 4 5 6 7 |  7.9
Fighting       | 3 4 5 6 |  6.0
Shields        | 4 5 6 7 |  7.2

Action                     |  1- 3 |  4- 6 |  7- 9 || total
---------------------------+-------+-------+-------++-------
  Melee: War axe           |    29 |       |       ||    29
         Tailslap          |    13 |    18 |    23 ||    54
         Broad axe         |    65 |   172 |   188 ||   425
  Evoke: Wand              |       |       |     8 ||     8
    Use: Potion            |       |     3 |     5 ||     8
         Scroll            |       |     7 |    18 ||    25
 Armour: Scale mail        |    58 |    98 |    49 ||   205
         Chain mail        |       |       |    28 ||    28
  Dodge: Dodged            |    44 |    55 |    52 ||   151
  Block: Buckler           |    23 |    24 |    36 ||    83

Table legend: (Time is in decaauts)
 A = Elapsed time spent in this place.
 B = Non-inter-level travel time spent in this place.
 C = Inter-level travel time spent in this place.
 D = Time resting spent in this place.
 E = Time spent auto-exploring this place.
 F = Levels seen in this place.
 G = Mean time per level.
                   A        B        C        D        E       F      G
               +--------+--------+--------+--------+--------+-----+--------+
         Total |   7063 |   6849 |    214 |    740 |   4792 |  11 |  642.1 |
       Dungeon |   6343 |   6144 |    199 |    740 |   4365 |   8 |  792.9 |
        Temple |     56 |     41 |     15 |      0 |     24 |   1 |   56.0 |
         Abyss |    125 |    125 |      0 |      0 |     64 |   1 |  125.0 |
       Ossuary |    537 |    537 |      0 |      0 |    339 |   1 |  537.0 |
               +--------+--------+--------+--------+--------+-----+--------+

Top non-repeatable levels by time:
     D:3: 1140 daAuts
     D:2: 1035 daAuts
     D:1: 904 daAuts
     D:4: 867 daAuts
     D:5: 819 daAuts
     D:7: 784 daAuts
     D:6: 731 daAuts
 Ossuary: 537 daAuts
 Abyss:1: 125 daAuts
     D:8: 58 daAuts
  Temple: 56 daAuts
